AoeStats
← El Fantasma de Pancho Villa

Nomad

506793576Analyzed
4v4 RM · 17d ago on Sep 15, 2026· 47m 34s· 8 players
Game mode
Random Map
Map size
231×231
Population
200
Speed
Normal
Resources
Standard
Victory
Conquest
Starting age
Dark Age
Ending age
Imperial Age
RankedLock teamsTeams togetherTeam positionsShared explorationLock speedFull tech treeHidden civsTurbo modeCheats
Victory
Defeat
🇲🇽 Italians · Mexico
1244
+11
🇲🇽 Chinese · Mexico
1183
+14
🇲🇽 Jurchens · Mexico
1097
+17
🇺🇸 Cumans · United States
1074
+19
🇲🇽 Franks · Mexico
1155
-16
🇺🇸 Spanish · United States
1128
-15
🇨🇳 Portuguese · China
1128
-15
🇨🇳 Persians · China
1127
-15
Ratchet2krox
4:55 Loom
13:34 Feudal Age
22:49 Castle Age
5720638
4:02 Loom
14:55 Feudal Age
15:24 Double-Bit Axe
15:42 Horse Collar
16:51 Bloodlines
19:00 Town Watch
19:51 Wheelbarrow
20:10 Forging
23:31 Castle Age
22:17 Scale Barding Armor
23:19 Light Cavalry
24:01 Husbandry
24:14 Bow Saw
24:04 Heavy Plow
25:39 Gold Mining
27:48 Iron Casting
28:10 Crossbowman
30:26 Thumb Ring
32:35 Fletching
34:11 Bodkin Arrow
38:03 Ballistics
39:15 Elite Skirmisher
43:49 Imperial Age
43:33 Padded Archer Armor
矮脚虎王英
5:42 Loom
14:20 Feudal Age
17:56 Castle Age
17:16 Stone Mining
19:19 Fishing Lines
43:39 Wheelbarrow
墨染灬青丝丶
13:04 Feudal Age
14:08 Gold Mining
14:03 Double-Bit Axe
16:02 Horse Collar
16:35 Fishing Lines
19:18 Castle Age
20:46 Wheelbarrow
20:55 Loom
24:04 Imperial Age
21:44 Stone Mining
22:55 Bow Saw
26:05 Two-Man Saw
27:00 Fletching
30:33 Hand Cart
30:50 Treadmill Crane
32:54 Bodkin Arrow
35:46 Chemistry
35:07 Ballistics
34:53 Siege Engineers
34:53 Bracer
34:53 Padded Archer Armor
35:24 Conscription
35:02 Crossbowman
36:13 Leather Archer Armor
36:11 Thumb Ring
36:28 Arbalester
39:03 Ring Archer Armor
42:32 Arquebus
45:33 Guard Tower
[GMEX] | The_Spartako
5:46 Loom
15:46 Feudal Age
20:36 Castle Age
19:26 Stone Mining
19:29 Fletching
21:04 Gold Mining
21:59 Bodkin Arrow
23:22 Double-Bit Axe
25:42 Fishing Lines
32:24 Wheelbarrow
31:45 Gillnets
31:16 Demolition Ship
33:28 Horse Collar
37:28 Imperial Age
36:19 Bow Saw
37:12 Padded Archer Armor
39:16 Chemistry
38:37 Ballistics
38:18 Bracer
38:33 Leather Archer Armor
39:37 Hoardings
41:36 Treadmill Crane
42:06 Masonry
48:13 Hand Cart
kama.Kroxa
5:59 Loom
15:20 Feudal Age
24:09 Castle Age
25:18 Bloodlines
26:52 Scale Barding Armor
26:58 Forging
35:55 Fletching
47:29 Horse Collar
47:44 Double-Bit Axe
ODIN
3:59 Loom
15:54 Feudal Age
16:26 Double-Bit Axe
21:37 Castle Age
20:28 Stone Mining
23:50 Fletching
27:43 Bodkin Arrow
34:32 Imperial Age
33:22 Wheelbarrow
34:26 Ballistics
34:23 Padded Archer Armor
35:31 Bow Saw
36:26 Chemistry
38:44 Bracer
40:02 Leather Archer Armor
41:07 Conscription
44:18 Elite Chu Ko Nu
44:56 Gold Mining
46:01 Ring Archer Armor
El Fantasma de Pancho Villa
3:57 Loom
15:17 Feudal Age
16:28 Man-at-Arms
20:23 Scale Mail Armor
21:05 Forging
22:58 Fletching
23:09 Padded Archer Armor
30:13 Double-Bit Axe
37:47 Castle Age
35:39 Horse Collar
36:44 Bloodlines
36:48 Gold Mining
37:12 Stone Mining
37:32 Scale Barding Armor
38:55 Chain Barding Armor
39:11 Iron Casting
38:43 Heavy Plow
38:53 Crossbowman
40:16 Leather Archer Armor
40:30 Bodkin Arrow
45:36 Imperial Age
Connection lost

Rejoining the realm…

Still unreachable

The connection could not be restored.

Session expired

The server has moved on; the page needs a fresh start.